 Dungeon Crawl Stone Soup version 0.17.1-3-g152610e (webtiles) character file.

179 juanjsm the Stinger (level 5, -1/24 HPs)
             Began as a Spriggan Venom Mage on Apr 8, 2016.
             Slain by ThereIsNoGod's ghost (8 damage)
             ... in a sewer.
             The game lasted 00:08:19 (1083 turns).

juanjsm the Stinger (Spriggan Venom Mage)           Turns: 1083, Time: 00:08:19

Health: -1/24      AC:  2    Str:  4    XL:     5   Next: 33%
Magic:  5/11       EV: 18    Int: 18    God:
Gold:   138        SH:  0    Dex: 16    Spells: 3 memorised, 2 levels left

rFire  . . .     SeeInvis +     e - +0 dagger
rCold  . . .     Clarity  .     a - +0 robe
rNeg   . . .     SustAt   .     (shield restricted)
rPois  .         Gourm    .     (helmet restricted)
rElec  .         Spirit   .     (no cloak)
rCorr  .         Warding  .     (gloves unavailable)
rMut   .         Stasis   .     (boots unavailable)
MR     .....                    (no amulet)
Stlth  +++.......               (no ring)
                                (no ring)

@: very slightly contaminated, very quick, not resistant to hostile
enchantments, fairly stealthy
A: unfitting armour, see invisible, herbivore 3, speed 3, slow metabolism 2
a: no special abilities


You were in a sewer.
You were not hungry.

You visited 1 branch of the dungeon, and saw 6 of its levels.
You also visited: Sewer.

You collected 138 gold pieces.

Inventory:

Hand Weapons
 e - a +0 dagger (weapon)
Armour
 a - a +0 robe (worn)
Scrolls
 d - a scroll of identify {unknown}
 f - a scroll of amnesia {unknown}
 h - a scroll of fear {unknown}
 i - a scroll of enchant weapon {unknown}
Books
 b - a Young Poisoner's Handbook

   Spells                             Type                      Level
   a - Sting                          Conjuration/Poison           1
   b - Cure Poison                    Poison                       2
   c - Mephitic Cloud                 Conjuration/Poison/Air       3
   d - Olgreb's Toxic Radiance        Poison                       4
   e - Venom Bolt                     Conjuration/Poison           5
Comestibles
 c - 4 bread rations
 g - a slice of pizza


   Skills:
 + Level 3.4 Dodging
 + Level 4.4 Stealth
 + Level 3.5 Spellcasting
 + Level 0.5 Conjurations
 + Level 5.7 Poison Magic


You had 2 spell levels left.
You knew the following spells:

 Your Spells              Type           Power        Failure   Level  Hunger
a - Sting                 Conj/Pois      ##..         4%          1    None
b - Mephitic Cloud        Conj/Pois/Air  ##......     24%         3    ###....
c - Venom Bolt            Conj/Pois      ##........   93%         5    ######.


Dungeon Overview and Level Annotations

Branches:
Dungeon (6/15)
 Temple: D:4-7

Altars:
Yredelemnul

Shops:
D:6 *

Annotations:
D:6 Edmund Sewer ThereIsNoGod's ghost, amateur SpAK


Innate Abilities, Weirdness & Mutations

You are tiny and cannot use many weapons and most armour.
You have supernaturally acute eyesight.
You are a herbivore.
You cover ground extremely quickly.
You need consume almost no food.


Message History

Confirm with . or Enter, or press ? or * to list all spells.
Aiming: Sting
Press: ? - help, Shift-Dir - straight line, f/p - river rat
Aim: a river rat (heavily wounded)
The sting hits the river rat.
The river rat appears unharmed.
The river rat is heavily wounded.
The river rat bites you!
Casting: Sting
Confirm with . or Enter, or press ? or * to list all spells.
Aiming: Sting
Press: ? - help, Shift-Dir - straight line, f/p - river rat
Aim: a river rat (heavily wounded)
The sting hits the river rat.
The river rat is poisoned.
The river rat is severely wounded.
The river rat bites you!
* * * LOW HITPOINT WARNING * * *
You barely miss the river rat.
The river rat is severely wounded.
The river rat barely misses you. ThereIsNoGod's ghost hits you!
You die...

#.#
#∩#
#.#
#∩#
#.#
#†#
#r#
#r#
#@#
#W#
#≈#
#≈#
#≈#
#≈#
#≈#
#≈#


You could see ThereIsNoGod's ghost and 2 river rats.

Vanquished Creatures
  An ogre (D:4)
  A scorpion (D:4)
  2 adders
  A river rat (Sewer)
  An adder skeleton (D:4)
  2 giant geckos
  2 hobgoblins
  3 jackals (D:6)
  4 giant cockroaches
  5 rats
22 creatures vanquished.

Notes
Turn   | Place    | Note
--------------------------------------------------------------
     0 | D:1      | juanjsm the Spriggan Venom Mage began the quest for the Orb.
     0 | D:1      | Reached XP level 1. HP: 9/9 MP: 5/5
   208 | D:4      | Noticed a scorpion
   218 | D:4      | Killed a scorpion
   218 | D:4      | Reached XP level 2. HP: 13/13 MP: 1/7
   218 | D:4      | Reached XP level 3. HP: 16/16 MP: 1/8
   223 | D:4      | Learned a level 3 spell: Mephitic Cloud
   419 | D:4      | Found a basalt altar of Yredelemnul.
   593 | D:4      | Reached skill level 5 in Poison Magic
   646 | D:4      | Noticed an ogre
   661 | D:4      | Killed an ogre
   661 | D:4      | Reached XP level 4. HP: 15/21 MP: 6/10
   661 | D:4      | Reached XP level 5. HP: 17/24 MP: 6/11
   668 | D:4      | Learned a level 5 spell: Venom Bolt
   736 | D:4      | Noticed a phantom
   758 | D:5      | Entered Level 5 of the Dungeon
   758 | D:5      | Noticed a phantom
   786 | D:6      | Noticed an ice beast
   864 | D:6      | Noticed an ice beast
   919 | D:6      | Noticed a centaur
   922 | D:6      | Noticed an ogre
   933 | D:6      | Noticed Edmund
   995 | D:6      | Found Yhe Qitt's Assorted Antiques.
  1062 | D:6      | Found a glowing drain.
  1066 | Sewer    | Entered a sewer
  1079 | Sewer    | Noticed ThereIsNoGod's ghost (amateur SpAK)
  1083 | Sewer    | Slain by ThereIsNoGod's ghost

Action                   |  1- 3 |  4- 6 || total
-------------------------+-------+-------++-------
Melee: Dagger            |    10 |    13 ||    23
 Cast: Sting             |    19 |    22 ||    41
       Mephitic Cloud    |     2 |       ||     2
 Stab: Sleeping          |     1 |     6 ||     7
